Map: Podwodny Świat ER

Players

Krystianer - Winner!

  • Race: Protoss Protoss
  • League: Grandmaster
  • Spawn Location: 5:00

SI 1 (Bardzo łatwa)

  • Race: Terran Terran
  • Spawn Location: 11:00

VOD

Have the link to the VOD?

Description

Time

  • Played on: July 23, 2020, 1:13 p.m.
  • Length: 10:43
Show
View Real Time Build Order
Export as new Build Order

Krystianer Protoss - Winner!

Build Orders: 1 Gate Expand, Zealot Archon, Colossus Rush 

Get SALT Encoding   

  12  0:00  Probe  
  13  0:13  Probe  
  14  0:17  Pylon  
  14  0:24  Probe  
  15  0:32  Probe  
  15  0:37  Gateway  
  15  0:40  Probe  
  16  0:45  Assimilator  
  17  0:51  Probe  
  18  1:03  Probe  
  19  1:15  Probe  
  20  1:21  Nexus  
  20  1:31  Cybernetics Core  
  20  1:34  Probe  
  20  1:39  Assimilator  
  21  1:46  Probe  
  22  1:49  Pylon  
  22  1:57  Adept  
  22  1:58  Probe  
  25  2:11  Probe  
  25  2:13  Robotics Facility  
  26  2:16  Warp Gate  
  26  2:23  Probe  
  26  2:27  Stalker  
  26  2:29  Probe  
  29  2:31  Probe  
  31  2:37  Probe  
  31  2:39  Probe  
  33  2:48  Probe  
  33  2:50  Probe  
  35  2:59  Robotics Bay  
  35  3:02  Probe x2  
  37  3:08  Warp Prism  
  39  3:14  Probe x2  
  41  3:20  Gateway  
  41  3:25  Stalker  
  43  3:27  Probe  
  43  3:29  Probe  
  43  3:32  Colossus, Pylon  
  45  3:36  Pylon  
  45  3:40  Probe  
  46  3:49  Gravitic Drive  
  46  3:53  Probe  
  46  3:54  Assimilator  
  46  3:55  Probe  
  54  4:06  Probe  
  54  4:07  Probe  
  56  4:18  Pylon  
  56  4:21  Nexus  
  56  4:25  Probe  
  56  4:29  Observer  
  59  4:33  Stalker  
  59  4:34  Stalker  
  59  4:36  Probe  
  63  4:40  Probe  
  64  4:48  Observer  
  64  4:50  Probe, Twilight Council  
  64  4:51  Forge  
  65  4:53  Probe  
  65  4:54  Pylon  
  66  5:01  Probe  
  66  5:03  Protoss Ground Armor Level 1  
  67  5:08  Probe  
  67  5:09  Probe, Gateway x2  
  69  5:17  Charge, Gateway  
  69  5:18  Gateway  
  69  5:20  Probe  
  70  5:22  Probe  
  71  5:30  Probe  
  71  5:31  Templar Archives  
  71  5:32  Probe  
  71  5:34  Probe  
  74  5:38  Probe  
  74  5:39  Sentry  
  74  5:40  Zealot  
  79  5:45  Probe, Pylon  
  79  5:48  Probe  
  81  5:57  Probe  
  82  5:59  Gateway  
  82  6:00  Gateway  
  82  6:05  Nexus  
  82  6:07  Pylon  
  82  6:10  Probe x3  
  85  6:18  High Templar x2  
  85  6:19  Zealot x3  
  85  6:22  Pylon  
  85  6:23  Archon  
  85  6:24  Probe x2  
  85  6:25  Probe  
  98  6:28  Zealot  
  98  6:32  Pylon  
  100  6:36  Probe  
  100  6:37  Probe x2  
  103  6:42  Protoss Ground Weapons Level 1, Zealot x3  
  103  6:43  Pylon  
  109  6:49  Probe x2  
  109  6:50  Probe  
  112  6:56  High Templar x2  
  112  6:57  Zealot x3  
  112  7:00  Archon  
  122  7:02  Probe x2, Assimilator  
  122  7:03  Probe, Blink  
  122  7:06  Assimilator x2  
  125  7:14  Forge, Probe x2  
  127  7:16  Probe  
  127  7:17  Gateway  
  127  7:18  Gateway  
  128  7:25  Probe  
  128  7:27  Disruptor  
  129  7:30  Protoss Ground Armor Level 2  
  132  7:38  Zealot x2  
  132  7:39  Zealot x3  
  132  7:42  Pylon  
  132  7:43  Pylon  
  142  7:55  Robotics Facility  
  142  7:56  Probe x2  
  144  8:00  Extended Thermal Lance  
  144  8:02  Pylon  
  144  8:04  Nexus  
  144  8:08  Stalker  
  146  8:14  Stalker x2  
  146  8:15  Zealot x2, Stalker  
  156  8:21  Pylon  
  156  8:23  Pylon  
  156  8:25  Photon Cannon  
  156  8:27  Psionic Storm, Photon Cannon  
  156  8:29  Dark Shrine  
  156  8:30  Photon Cannon  
  156  8:31  Shield Battery  
  156  8:42  Zealot x5  
  166  8:48  Probe  
  166  8:52  Pylon  
  166  8:54  Assimilator  
  167  8:57  High Templar, Assimilator  
  167  9:01  Zealot x3  
  175  9:04  High Templar  
  177  9:11  High Templar  
  179  9:27  High Templar  
  179  9:29  Stalker x3  
  179  9:30  Zealot x4  
  195  9:40  Zealot  
  197  9:53  Stalker  
  197  9:54  Probe, Gateway  
  197  9:55  Gateway  
  197  9:57  Gateway  
  197  9:58  Gateway  
  200  10:07  Nexus  
  200  10:09  Pylon  
  200  10:10  Stargate  
  200  10:11  Pylon  
  200  10:13  Stargate  
  200  10:14  Assimilator  
  200  10:15  Stargate  
  200  10:17  Assimilator  
  200  10:35  Photon Cannon  
  200  10:36  Photon Cannon, Stargate  
  200  10:38  Photon Cannon  
  200  10:40  Photon Cannon  
  200  10:42  Photon Cannon  
Show
View Real Time Build Order
Export as new Build Order

SI 1 (Bardzo łatwa) Terran 

Build Orders:  

Get SALT Encoding   

  12  0:00  SCV  
  13  0:13  SCV  
  14  0:18  Supply Depot  
  14  0:37  Refinery  
  14  0:42  Barracks  
  14  1:03  Supply Depot  
  14  1:13  SCV  
  16  1:25  SCV  
  16  1:29  Marine  
  17  1:37  SCV  
  18  1:49  SCV  
  18  1:51  Reaper  
  20  2:02  SCV  
  21  2:14  SCV  
  22  2:26  Orbital Command  
  22  4:42  SCV, Marine  
  22  4:44  Refinery  
  24  4:46  Factory  
  24  4:47  Supply Depot  
  24  4:54  SCV  
  22  5:06  SCV  
  21  5:11  Marine  
  22  5:19  SCV  
  23  5:31  SCV  
  24  5:37  Starport  
  23  5:43  SCV  
  23  5:44  Hellion  
  23  5:47  Supply Depot  
  26  5:55  SCV  
  27  6:07  SCV  
  27  6:09  Command Center  
  28  6:12  Hellion  
  28  6:15  Starport Tech Lab  
  29  6:19  SCV  
  30  6:31  SCV  
  31  6:36  Raven  
  33  6:45  Hellion  
  35  6:47  Supply Depot  
  33  7:14  Hellion  
  35  7:19  Raven  
  36  7:30  SCV  
  37  7:37  SCV  
  37  7:43  Refinery, Hellion  
  40  7:44  SCV  
  40  7:45  Refinery  
  41  7:52  SCV  
  42  7:59  SCV  
  43  8:06  SCV  
  44  8:13  SCV  
  44  8:15  Marine  
  43  8:20  SCV  
  44  8:28  SCV  
  45  8:35  SCV  
  46  8:42  SCV  
  47  8:48  Barracks Tech Lab  
  47  8:49  SCV  
  48  8:56  SCV  
  49  9:03  SCV  
  49  9:07  Marauder  
  48  9:11  SCV  
  48  9:15  Medivac  
  51  9:18  SCV  
  51  9:21  Supply Depot  
  51  9:25  SCV  
  51  9:27  Marine  
  53  9:32  SCV  
  54  9:40  SCV  
  54  9:45  Raven, Marine  
  55  9:47  SCV  
  50  10:03  Marine  
  48  10:13  SCV  
  14  10:25  SCV  
Tags
 
Add a new tag
Caveats
  • Supply blocks, unpowered buildings, or Contaminate may cause inaccurate times.
  • Supply counts are checked every 10 seconds.